 Dungeon Crawl Stone Soup version 0.28.0 (webtiles) character file.

Game seed: 8172829431250643065

5 AmazingTV the Sneak (level 1, 0/10 HPs)
             Began as a Spriggan Brigand on June 26, 2022.
             Succumbed to an adder's poison
             ... on level 2 of the Dungeon.
             The game lasted 00:01:26 (639 turns).

AmazingTV the Sneak (Spriggan Brigand)               Turns: 639, Time: 00:01:27

Health: 0/10       AC:  3    Str:  7    XL:     1   Next: 66%
Magic:  2/2        EV: 16    Int: 12    God:
Gold:   0          SH:  0    Dex: 16    Spells: 0/0 levels left

rFire   . . .      SeeInvis +   a - +2 dagger
rCold   . . .      Faith    .   (no shield)
rNeg    . . .      Spirit   .   b - +0 robe
rPois   .          Reflect  .   (helmet restricted)
rElec   .          Harm     .   c - +0 cloak
rCorr   .          Rampage  .   (gloves unavailable)
Will    .....                   (boots unavailable)
Stlth   +++.......              (no amulet)
HPRegen 0.03/turn               (no ring)
MPRegen 0.08/turn               (no ring)

@: lethally poisoned (0 -> -4), very quick
A: very small, no large weapons, unfitting armour, see invisible, speed 3
a: no special abilities


You were on level 2 of the Dungeon.
You visited 1 branch of the dungeon, and saw 2 of its levels.

Inventory:

Hand Weapons
 a - a +2 dagger (weapon)
Missiles
 d - 8 poisoned darts (quivered)
 e - 2 curare-tipped darts
Armour
 b - a +0 robe (worn)
 c - a +0 cloak (worn)


   Skills:
 - Level 1.5 Fighting
 + Level 2.5 Short Blades
 - Level 2.0 Throwing
 - Level 1.3 Dodging
 + Level 6.1 Stealth


You couldn't memorise any spells.
You didn't know any spells.
Your spell library was empty.

Dungeon Overview and Level Annotations

Branches:
Dungeon (1/15)

Altars:


Innate Abilities, Weirdness & Mutations

You are very small and have problems with some larger weapons.
You are too small for most types of armour.
You have supernaturally acute eyesight. (SInv)
You cover ground extremely quickly. (Speed+++)


Message History

A bat comes into view.
A bat is nearby!
A giant cockroach comes into view.
An adder comes into view.
The bat closely misses you. The bat barely misses you.
The adder hisses angrily.
You hit the bat but do no damage. The bat barely misses you.
The bat hits you but does no damage. The bat barely misses you.
The bat hits you but does no damage.
You closely miss the bat. The bat closely misses you. The bat misses you.
You hit the bat but do no damage. The bat barely misses you.
You barely miss the bat. The bat misses you. x2
You miss the bat. The bat misses you.
You hit the bat.
The bat is heavily wounded.
The bat misses you.
You hit the bat.
You kill the bat!
You hit the adder.
The adder is moderately wounded.
The adder closely misses you.
You miss the adder.
The adder is moderately wounded.
The adder closely misses you. The adder bites you.
You hit the adder.
The adder is heavily wounded.
The adder bites you.
You are lethally poisoned!
The adder poisons you!
You are too injured to fight recklessly!
You are too injured to fight recklessly!
* * * LOW HITPOINT WARNING * * *
You feel sick.
* * * LOW HITPOINT WARNING * * *
You feel sick.
It was a potion of cancellation.
You feel magically purged.
* * * LOW HITPOINT WARNING * * *
You feel sick.
You die...

#.# #.# #.#
#.# #.# #.#
#####.###.#
#.#
#......##.###
#..###.##...##
#..#
#.###.#.#####
#..#
#....###....#
#..#
#####.#.###.#
#..# ##.## #@#
#..# #.# #.#
#..# #.# #S#
#..# #.# #.#
#.# #B# #.#
#†##### #.#
#.#... #.#
#.#<##
##.####....#


You could see an adder and a giant cockroach.

Vanquished Creatures
  A bat (D:2)
  2 endoplasms (D:2)
  A goblin (D:1)
4 creatures vanquished.

Notes
Turn   | Place    | Note
-------+----------+-------------------------------------------
     0 | D:1      | AmazingTV the Spriggan Brigand began the quest for the Orb.
     0 | D:1      | Reached XP level 1. HP: 10/10 MP: 2/2
   273 | D:1      | You fall into a shaft and drop 1 floor!
   326 | D:2      | Reached skill level 6 in Stealth
   639 | D:2      | Succumbed to an adder's poison

Illustrated notes

Levels and vault maps discovered:
D:1:      dpeg_arrival_rooms_b, layout_basic, serial_curves, eino_curves_03,
          eino_curves_03, shapermc_ecumenical_altar_notcrosses
D:2:      layout_loops_ring, amcnicky_mini_rare_corridor_liquid,
          minmay_pentomino_pile

Skill      XL: |  1 |
---------------+----+-----
Stealth        | 6 |  6.1
Fighting       | |  1.5
Short Blades   | |  2.5
Throwing       | |  2.0
Dodging        | |  1.3

Action                   || total
-------------------------++-------
Melee: Dagger            ||    28
  Use: Potion            ||     1
Armor: Robe              ||     3
Dodge: Dodged            ||    24
